 Dungeon Crawl Stone Soup version 0.25.1-9-gc5326a611f (webtiles) character file.

Game seed: 15753045949920435737

331 pokeman the Magician (level 6, -3/34 HPs)
             Began as a Deep Elf Wizard on Dec 23, 2020.
             Slain by a killer bee (5 damage)
             ... on level 4 of the Dungeon.
             The game lasted 00:08:23 (4181 turns).

pokeman the Magician (Deep Elf Wizard)              Turns: 4181, Time: 00:08:23

Health: -3/34      AC:  7    Str:  4    XL:     6   Next: 26%
Magic:  4/18       EV: 12    Int: 25    God:
Gold:   129        SH:  0    Dex: 13    Spells: 8/19 levels left

rFire    . . .     SeeInvis .   j - +4 short sword
rCold    + . .     Gourm    .   (no shield)
rNeg     . . .     Faith    .   i - +2 leather armour {rC+}
rPois    .         Spirit   .   m - +0 helmet
rElec    .         Reflect  .   v - +0 cloak
rCorr    .         Harm     .   (no gloves)
MR       .....                  (no boots)
Stlth    ++........             (no amulet)
HPRegen  0.11/turn              (no ring)
MPRegen  0.16/turn              (no ring)

@: lethally poisoned (-3 -> -12), stab
A: no striking features
a: no special abilities


You were on level 4 of the Dungeon.
You were not hungry.

You visited 1 branch of the dungeon, and saw 4 of its levels.

You collected 129 gold pieces.

Inventory:

Hand Weapons
 j - a +4 short sword (weapon)
Missiles
 s - 22 bolts
Armour
 i - a +2 leather armour of cold resistance (worn)
 m - a +0 helmet (worn)
 q - a +0 buckler
 v - a +0 cloak (worn)
Wands
 u - a wand of digging (4)
Scrolls
 c - 2 scrolls of magic mapping {unknown}
 g - a scroll of fog {unknown}
 k - a scroll of enchant weapon {unknown}
 l - 2 scrolls of remove curse {unknown}
 o - a scroll of identify {unknown}
 p - 2 scrolls of teleportation {unknown}
 r - 3 scrolls of immolation {unknown}
 t - a scroll of random uselessness {unknown}
 w - a scroll of noise {unknown}
 x - a scroll of amnesia {unknown}
Potions
 a - 2 potions of brilliance {unknown}
 e - 3 potions of stabbing
 f - 2 potions of curing {unknown}
 h - 3 potions of lignification {unknown}
 n - a potion of might
Comestibles
 d - 4 rations


   Skills:
 - Level 1.0 Fighting
 - Level 1.0 Armour
 - Level 3.0 Dodging
 - Level 2.4 Stealth
 - Level 1.2 Shields
 * Level 7.0 Spellcasting
 + Level 3.1 Conjurations
 - Level 1.1 Summonings
 - Level 1.1 Translocations
 - Level 1.0 Fire Magic
 + Level 0.8 Air Magic
 - Level 1.0 Poison Magic
 + Level 0.0 Evocations


You had 8 spell levels left.
You knew the following spells:

 Your Spells              Type           Power        Failure   Level  Hunger
a - Magic Dart            Conj           ###.         3%          1    None
b - Mephitic Cloud        Conj/Pois/Air  ###.....     17%         3    None
c - Call Imp              Summ           ##......     11%         2    None
d - Blink                 Tloc           N/A          11%         2    None
e - Conjure Flame         Conj/Fire      ###.....     14%         3    None

Your spell library contained the following spells:

 Spells                   Type           Power        Failure   Level  Hunger
 Slow                     Hex            #.......     17%         2    None


Dungeon Overview and Level Annotations

Branches:
Dungeon (4/15)
 Temple: D:4-7

Altars:
Gozag
Trog
Wu Jian
The Shining One


Message History

The killer bee is almost dead.
The killer bee stings you.
You are lethally poisoned!
The killer bee poisons you!
Casting: Magic Dart (safe; 3% risk of failure)
Confirm with . or Enter, or press ? or * to list all spells.
Aiming: Magic Dart (safe; 3% risk of failure)
Press: ? - help, Shift-Dir - straight line, f/p - killer bee
Aim: a killer bee (almost dead, confused)
The magic dart hits the killer bee.
The killer bee is almost dead.
* * * LOW HITPOINT WARNING * * *
You feel sick.
The killer bee seems less confused.
The killer bee barely misses you. The killer bee stings you!
* * * LOW HITPOINT WARNING * * *
It was a potion of stabbing.
You feel ready to backstab.
* * * LOW HITPOINT WARNING * * *
You feel sick. The killer bee stings you.
You die...

................#
....#####.......#
##.....[........#
########.......#
#.....###
#....>########
####........y...#
..........y.....#
..##.#...S†@....#
..
...#..........# .
.#..#.#.########
. .....#.#
.####.... ......
#...>. #..[...
#......


You could see 2 killer bees and an adder (confused).

Vanquished Creatures
  2 killer bees (D:4)
  Jessica (D:2)
  An orc wizard (D:3)
  Robin (D:3)
  6 adders
  A shadow imp (D:3)
  3 oozes
  5 worms
  2 dart slugs
  2 leopard geckos (D:3)
  5 orcs (D:3)
  A ball python (D:1)
  8 bats
  5 giant cockroaches
  10 goblins
  8 hobgoblins
  7 jackals
  11 kobolds
  2 quokkas
  4 frilled lizards
  6 rats
91 creatures vanquished.

Notes
Turn   | Place    | Note
-------+----------+-------------------------------------------
     0 | D:1      | pokeman the Deep Elf Wizard began the quest for the Orb.
     0 | D:1      | Reached XP level 1. HP: 10/10 MP: 7/7
   370 | D:1      | Reached XP level 2. HP: 16/16 MP: 2/9
   653 | D:1      | Reached skill level 5 in Spellcasting
   850 | D:1      | Reached XP level 3. HP: 20/20 MP: 8/11
   855 | D:1      | Learned a level 3 spell: Mephitic Cloud
   858 | D:1      | Learned a level 2 spell: Call Imp
   861 | D:1      | Learned a level 2 spell: Blink
   865 | D:1      | Learned a level 3 spell: Conjure Flame
  1359 | D:2      | Found an opulent altar of Gozag.
  1773 | D:2      | Reached skill level 1 in Armour
  1848 | D:2      | Reached skill level 1 in Fighting
  1917 | D:2      | Noticed Jessica
  1925 | D:2      | Killed Jessica
  1925 | D:2      | Reached XP level 4. HP: 23/25 MP: 3/13
  2371 | D:2      | Reached skill level 6 in Spellcasting
  2722 | D:3      | Reached XP level 5. HP: 26/29 MP: 9/15
  2950 | D:3      | Noticed Robin
  2980 | D:2      | Reached skill level 1 in Shields
  3210 | D:3      | Killed Robin
  3729 | D:3      | Reached skill level 1 in Fire Magic
  3761 | D:3      | Found an ornate altar of the Wu Jian Council.
  3768 | D:3      | Found a bloodstained altar of Trog.
  3772 | D:3      | Found a glowing golden altar of the Shining One.
  4134 | D:4      | Reached XP level 6. HP: 34/34 MP: 13/17
  4175 | D:4      | Reached skill level 7 in Spellcasting
  4175 | D:4      | Reached skill level 1 in Poison Magic
  4181 | D:4      | Slain by a killer bee

Illustrated notes

Levels and vault maps discovered:
D:1:      giann_bridges, layout_basic, serial_bayou, serial_bayou_shore_a,
          serial_bayou_pond_c, serial_bayou_lake_a, serial_bayou_pond_e,
          serial_bayou_pond_e, minmay_unequal
D:2:      layout_rooms, first_ration,
          nicolae_gozag_cash_rules_everything_around_me, uniq_jessica
D:3:      layout_rooms, minitemple, uniq_robin
D:4:      layout_basic, minmay_temple_entry_statues_pillars, xom_teletrap_fun

Skill      XL: |  1  2  3  4  5  6 |
---------------+-------------------+-----
Spellcasting   | 5 6 7 |  7.0
Armour         | 1 |  1.0
Fighting       | 1 |  1.0
Conjurations   | 2 3 |  3.1
Dodging        | 3 |  3.0
Shields        | 1 |  1.2
Fire Magic     | 1 |  1.0
Poison Magic   | 1 |  1.0
Stealth        | |  2.4
Summonings     | |  1.1
Translocations | |  1.1
Air Magic      | |  0.8

Action                   |  1- 3 |  4- 6 || total
-------------------------+-------+-------++-------
Melee: Short sword       |     9 |    19 ||    28
 Cast: Magic Dart        |   108 |   164 ||   272
       Mephitic Cloud    |       |     5 ||     5
       Call Imp          |       |     1 ||     1
  Use: Potion            |       |     1 ||     1
  Eat: Chunk             |     3 |     7 ||    10
Armor: Leather armour    |    11 |    21 ||    32
Dodge: Dodged            |    23 |    73 ||    96
